 Dungeon Crawl Stone Soup version 0.29-a0-284-gf9362112df (webtiles) character file.

Game seed: 11710188446397266647

45 sammy202020 the Skirmisher (level 3, -2/43 HPs)
             Began as a Demonspawn Berserker on Mar 21, 2022.
             Was a Believer of Trog.
             Slain by a gnoll
             ... wielding a +0 whip
              (3 damage)
             ... on level 2 of the Dungeon.
             The game lasted 00:01:58 (2006 turns).

sammy202020 the Skirmisher (Demonspawn Berserker)   Turns: 2006, Time: 00:01:59

Health: -2/43      AC:  6    Str: 17    XL:     3   Next: 42%
Magic:  3/3        EV:  6    Int: 10    God:    Trog [**....]
Gold:   120        SH: 10    Dex: 12    Spells: 2/2 levels left

rFire   . . .      SeeInvis .   a - +0 hand axe
rCold   . . .      Faith    .   i - +0 tower shield
rNeg    . . .      Spirit   .   f - +0 ring mail
rPois   .          Reflect  .   (no helmet)
rElec   .          Harm     .   (no cloak)
rCorr   .          Rampage  .   (no gloves)
Will    .....                   j - +0 pair of boots
Stlth   ..........              (no amulet)
HPRegen 1.14/turn               e - ring of flight
MPRegen 0.08/turn               (no ring)

@: berserking, flying, very quick
A: powered by death 1
a: Renounce Religion, Berserk, Trog's Hand


You were on level 2 of the Dungeon.
You worshipped Trog.
Trog was pleased with you.
You visited 1 branch of the dungeon, and saw 2 of its levels.

You collected 120 gold pieces.

Inventory:

Hand Weapons
 a - a +0 hand axe (weapon)
 h - a +0 morningstar
Missiles
 d - 5 javelins (quivered)
 l - a throwing net
 n - 5 poisoned darts
Armour
 f - a +0 ring mail (worn)
 i - a +0 tower shield (worn)
 j - a +0 pair of boots (worn)
Jewellery
 e - a ring of flight (left hand)
Wands
 m - a wand of paralysis (10)
Scrolls
 b - 3 scrolls of identify {unknown}
 c - a scroll of magic mapping {unknown}
 g - a scroll of immolation {unknown}
Potions
 k - a potion of heal wounds {unknown}


   Skills:
 * Level 3.4 Fighting
 * Level 3.0 Axes
 * Level 2.5 Armour
 + Level 2.1 Dodging
 * Level 0.1 Shields


You had 2 spell levels left.
You didn't know any spells.
Your spell library was empty.

Dungeon Overview and Level Annotations

Branches:
Dungeon (2/15)

Altars:


Innate Abilities, Weirdness & Mutations

You regenerate a little health from kills.


Message History

You block the gnoll's attack.
You hit the gnoll but do no damage.
The gnoll is severely wounded.
You hit the gnoll. You hit the hobgoblin. You barely miss the gnoll.
The hobgoblin hits you. You block the gnoll's attack.
The gnoll hits you but does no damage.
You hit the gnoll.
You kill the gnoll!
Trog accepts your kill.
You hit the gnoll. You hit the hobgoblin.
You kill the hobgoblin!
Trog accepts your kill.
You can now call upon Trog for regeneration and willpower.
You barely miss the gnoll. You closely miss the gnoll.
The gnoll hits you with a +0 whip. You block the gnoll's attack. x2
The gnoll hits you with a +0 whip. You block the gnoll's attack.
The gnoll barely misses you.
You hit the gnoll.
The gnoll is severely wounded.
You hit the gnoll. You hit the gnoll but do no damage.
The gnoll hits you with a +0 whip. The gnoll closely misses you.
The gnoll hits you with a +0 whip.
You closely miss the gnoll.
The gnoll is severely wounded.
You hit the gnoll. x2; The gnoll hits you with a +0 whip.
The gnoll hits you with a +0 flail. You block the gnoll's attack. x2
The gnoll hits you with a +0 whip.
* * * LOW HITPOINT WARNING * * *
The gnoll hits you but does no damage.
A red film seems to cover your vision as you go berserk!
You feel yourself moving faster!
You feel mighty!
The gnoll drinks a potion.
The gnoll is healed!
The gnoll hits you with a +0 flail.
* * * LOW HITPOINT WARNING * * *
The gnoll hits you with a +0 whip.
* * * LOW HITPOINT WARNING * * *
You barely miss the gnoll. You hit the gnoll. You barely miss the gnoll.
You block the gnoll's attack. The gnoll hits you with a +0 whip.
* * * LOW HITPOINT WARNING * * *
The gnoll hits you with a +0 whip.
You die...

#.###..........<......###
.........................
##.#...............### #
#.######........# #.#.#
#........#
.###.#.#################
......!......... .....
..........####.. #####
.......g@g# #....
.......)g†# #....
..........# ##......#....
....................#....
..###.#.............#....
#.#.............#....
................#.... ..
..............#....
#......#####


You could see 3 gnolls.

Vanquished Creatures
  A gnoll (D:2)
  2 dart slugs (D:1)
  2 ball pythons (D:1)
  4 endoplasms
  2 giant cockroaches (D:1)
  3 goblins
  2 hobgoblins
  2 jackals (D:1)
  A quokka (D:1)
  3 bats
  2 frilled lizards (D:2)
  3 kobolds
  2 rats (D:1)
29 creatures vanquished.

Notes
Turn   | Place    | Note
-------+----------+-------------------------------------------
     0 | D:1      | sammy202020 the Demonspawn Berserker began the quest for
                  | the Orb.
     0 | D:1      | Reached XP level 1. HP: 18/18 MP: 1/1
   544 | D:1      | Gained mutation: You regenerate a little health from kills.
                  | [demonic ancestry]
   544 | D:1      | Reached XP level 2. HP: 24/24 MP: 2/2
  1303 | D:1      | Found a faded altar of an unknown god.
  1707 | D:2      | Reached XP level 3. HP: 29/29 MP: 3/3
  2002 | D:2      | Reached ** piety under Trog
  2006 | D:2      | HP: 1/43 [gnoll/+0 whip (6)]
  2006 | D:2      | Slain by a gnoll

Illustrated notes

Levels and vault maps discovered:
D:1:      minmay_arrival_solitary_statue, layout_basic,
          hellmonk_ecumenical_altar_inner_sanctum
D:2:      layout_basic, nrook_campfire

Skill      XL: |  1  2 |
---------------+-------+-----
Armour         | 2 |  2.5
Axes           | 3 |  3.0
Dodging        | 2 |  2.1
Fighting       | |  3.4
Shields        | |  0.1

Action                   || total
-------------------------++-------
Melee: Hand axe          ||   103
       Punch             ||     1
Invok: Berserk           ||     1
 Stab: Sleeping          ||     1
Armor: Animal skin       ||    15
       Ring mail         ||    21
Dodge: Dodged            ||    78
Block: Tower shield      ||    27

Table legend: (Time is in decaauts)
 A = Elapsed time spent in this place.
 B = Non-inter-level travel time spent in this place.
 C = Inter-level travel time spent in this place.
 D = Time resting spent in this place.
 E = Time spent auto-exploring this place.
 F = Levels seen in this place.
 G = Mean time per level.
                   A        B        C        D        E       F      G
               +--------+--------+--------+--------+--------+-----+--------+
         Total |   2031 |   1996 |     35 |      0 |   1670 |   2 | 1015.5 |
       Dungeon |   2031 |   1996 |     35 |      0 |   1670 |   2 | 1015.5 |
               +--------+--------+--------+--------+--------+-----+--------+

Top non-repeatable levels by time:
     D:1: 1598 daAuts
     D:2: 433 daAuts
